 Dungeon Crawl Stone Soup version 0.27-a0-223-ge082b6e869 (webtiles) character file.

Game seed: 9591810025833892988

17525 gimp the Geomancer (level 12, -4/81 HPs)
             Began as a Demonspawn Earth Elementalist on Feb 1, 2021.
             Was an Initiate of Gozag.
             Killed from afar by Jorgrun (49 damage)
             ... with an iron shot
             ... on level 12 of the Dungeon.
             The game lasted 00:25:56 (13641 turns).

gimp the Geomancer (Demonspawn Earth Elementalist) Turns: 13641, Time: 00:25:56

Health: -4/81      AC: 11    Str:  8    XL:     12   Next: 19%
Magic:  2/24       EV: 12    Int: 21    God:    Gozag
Gold:   793        SH:  8    Dex: 15    Spells: 7/28 levels left

rFire    . . .     SeeInvis .   a - +2 dagger (venom)
rCold    + . .     Faith    .   i - +3 buckler
rNeg     . . .     Spirit   .   n - +3 leather armour {Will+}
rPois    .         Reflect  .   x - +1 hat
rElec    .         Harm     .   (no cloak)
rCorr    .         Rampage  .   (no gloves)
Will     +....                  (no boots)
Stlth    ++........             u - amulet of magic regeneration
HPRegen  0.23/turn              y - ring of protection from cold
MPRegen  0.44/turn              A - ring of wizardry

@: gold aura
A: horns 2, iridescent scales 2, demonic guardian 1, spiny 2
a: Renounce Religion, Potion Petition, Call Merchant, Bribe Branch


You were on level 12 of the Dungeon.
You worshipped Gozag.
Gozag was pleased with you.
You visited 2 branches of the dungeon, and saw 13 of its levels.

You collected 2016 gold pieces.
You spent 1092 gold pieces at shops.
You paid 131 gold pieces to Gozag.

Inventory:

Hand Weapons
 a - a +2 dagger of venom (weapon)
Missiles
 b - 289 stones
 p - 43 poisoned darts
 q - 8 throwing nets
 K - 6 curare-tipped darts
Armour
 i - a +3 buckler (worn)
 n - a +3 leather armour of willpower (worn)
 x - a +1 hat (worn)
Jewellery
 u - an amulet of magic regeneration (around neck)
 y - a ring of protection from cold (left hand)
 A - a ring of wizardry (right hand)
 I - an uncursed ring of positive energy
Wands
 d - a wand of mindburst (17)
 o - a wand of polymorph (19)
 z - a wand of flame (25)
 F - a wand of iceblast (8)
 G - a wand of paralysis (9)
Scrolls
 c - 7 scrolls of identify
 e - a scroll of fog
 h - 3 scrolls of remove curse
 j - a scroll of enchant armour
 l - 5 scrolls of blinking
 s - 9 scrolls of teleportation
 w - 3 scrolls of amnesia
 C - a scroll of enchant weapon
Potions
 f - 2 potions of flight
 g - 3 potions of lignification
 k - a potion of cancellation
 m - 6 potions of attraction
 r - 3 potions of mutation
 t - 3 potions of brilliance {unknown}
 v - a potion of magic {unknown}
 B - a potion of invisibility {unknown}
 D - 2 potions of degeneration {unknown}
 E - 5 potions of heal wounds
 H - 7 potions of curing
Miscellaneous
 J - a condenser vane (inert)


   Skills:
 - Level 3.0 Fighting
 + Level 5.9 Short Blades
 - Level 3.0 Dodging
 - Level 1.7 Stealth
 - Level 4.0 Shields
 + Level 8.5 Spellcasting
 - Level 10.0 Conjurations
 - Level 6.0 Transmutations
 - Level 10.0 Earth Magic


You had 7 spell levels left.
You knew the following spells:

 Your Spells              Type           Power        Failure   Level
a - Stone Arrow           Conj/Erth      100%         1%          3
b - Sandblast             Erth           100%         1%          1
c - Passwall              Tmut/Erth      35%          1%          2
d - Petrify               Tmut/Erth      42%          1%          4
e - Lee's Rapid Deconstr  Erth           25%          1%          5
f - Sticky Flame          Conj/Fire      29%          6%          4
g - Blink                 Tloc           N/A          7%          2

Your spell library contained the following spells:

 Spells                   Type           Power        Failure   Level
 Foxfire                  Conj/Fire      100%         1%          1
 Magic Dart               Conj           100%         1%          1
 Searing Ray              Conj           100%         1%          2
 Conjure Flame            Conj/Fire      29%          1%          3
 Dazzling Flash           Conj/Hex       58%          1%          3
 Mephitic Cloud           Conj/Pois/Air  22%          3%          3
 Corona                   Hex            8%           4%          1
 Fulminant Prism          Conj/Hex       14%          6%          4
 Iskenderun's Mystic Bla  Conj/Tloc      29%          6%          4
 Leda's Liquefaction      Hex/Erth       14%          6%          4
 Call Imp                 Summ           8%           7%          2
 Slow                     Hex            8%           7%          2
 Inner Flame              Hex/Fire       8%           13%         3
 Portal Projectile        Hex/Tloc       16%          13%         3
 Fireball                 Conj/Fire      14%          16%         5
 Cause Fear               Hex            4%           38%         4


Dungeon Overview and Level Annotations

Branches:
Dungeon (12/15)            Temple (1/1) D:4            Lair (0/6) D:11
    Orc (0/2) D:11

Altars:
Ashenzari
Cheibriados
Dithmenos
Elyvilon
Fedhas
Gozag
Hepliaklqana
Kikubaaqudgha
Makhleb
Nemelex Xobeh
Okawaru
Qazlal
Ru
Sif Muna
Trog
Uskayaw
Vehumet
Wu Jian
Xom
Yredelemnul
Zin
The Shining One

Shops:
D:7 *   D:10 }   D:12 :

Annotations:
D:7 3 runed translucent doors, Dazliare's ghost, novice OgSu
D:9 2 runed translucent doors, exclusion: orange crystal statue
D:12 Jorgrun


Innate Abilities, Weirdness & Mutations

You have a pair of horns on your head.
You are mostly covered in iridescent scales. (AC +4)
A weak demonic guardian rushes to your aid.
You are mostly covered in sharp spines.


Message History

Casting: Stone Arrow (safe; 1% risk of failure)
Confirm with . or Enter, or press ? or * to list all spells.
Aiming: Sticky Flame (dangerous; 6% risk of failure)
Press: ? - help, Shift-Dir - straight line, f - Jorgrun
Aim: Jorgrun, wielding a +0 vorpal quarterstaff and wearing a +2 robe (poison gas, heavily wounded, extremely poisoned, 0% to evade)
The sticky flame hits Jorgrun but does no damage.
Jorgrun is heavily wounded.
Jorgrun is covered in liquid flames!
The white imp shouts!
Jorgrun burns!
Jorgrun is engulfed in poison gas.
Jorgrun looks as sick as possible!
Jorgrun hits you with a +0 vorpal quarterstaff!
You take 19 damage, and have 45/81 hp.
MASSIVE DAMAGE!!
You now have 1/24 mp.
Jorgrun burns!
Jorgrun is engulfed in poison gas.
Jorgrun looks as sick as possible!
Jorgrun gestures at you while chanting. The iron shot hits you!!!
Ouch! That really hurt!
You die...
Your body crumbles into a pile of gold.

☼§°. ..§. ○§°☼. .☼☼☼§
.§☼$°§ ...$§5#
...§§55#########
...○§°g..#..##.##
...§°§..@.......#
$............##.###
..<.##............# ..#
#.............#
#.#####..........######
##...#.......[##.......#
#...........<..........#
#.......#.............##
$
##.....##.........##..#


You could see Jorgrun (burning, extremely poisoned) and 3 white imps.

Vanquished Creatures
  A boulder beetle (D:10)
  Harold (D:8)
  A centaur warrior (D:11)
  A two-headed ogre (D:10)
  An unseen horror (D:11)
  A gargoyle (D:10)
  A troll (D:11)
  2 hornets
  Prince Ribbit (D:8)
  2 vampires
  Eustachio (D:7)
  3 wyverns
  19 yaks
  6 vampire mosquitoes
  4 wargs (D:11)
  Menkaure (D:5)
  4 water moccasins
  6 ice beasts
  4 orc warriors
  6 black bears
  6 sky beasts
  6 ogres
  14 centaurs
  A wolf (D:9)
  A big kobold (D:7)
  9 bullfrogs
  3 gnoll sergeants (D:7)
  6 scorpions
  A wyvern skeleton (D:6)
  A water moccasin skeleton (D:11)
  24 wights
  2 howler monkeys
  An electric eel (D:9)
  A quasit (D:9)
  2 bullfrog zombies
  A centaur zombie (D:7)
  4 hounds
  9 orc priests
  4 bullfrog skeletons
  5 iguanas
  13 orc wizards
  8 worker ants
  A killer bee zombie (D:8)
  A bullfrog simulacrum (D:9)
  3 hound skeletons
  A worker ant zombie (D:11)
  A killer bee simulacrum (D:9)
  7 gnolls
  18 adders
  2 river rats (D:4)
  2 shadow imps
  7 white imps
  A worker ant simulacrum (D:9)
  An adder skeleton (D:3)
  5 worms
  3 dart slugs
  2 leopard geckos
  56 orcs
  6 bats
  12 giant cockroaches
  6 goblins
  7 hobgoblins
  12 jackals
  11 kobolds
  9 quokkas
  A ball python (D:2)
  6 frilled lizards
  A leopard gecko skeleton (D:7)
  A quokka skeleton (D:5)
  16 rats
387 creatures vanquished.

Vanquished Creatures (others)
  42 fungi
  32 plants (D:11)
  4 toadstools (D:6)
78 creatures vanquished.

Grand Total: 465 creatures vanquished

Notes
Turn   | Place    | Note
-------+----------+-------------------------------------------
     0 | D:1      | gimp the Demonspawn Earth Elementalist began the quest for
                  | the Orb.
     0 | D:1      | Reached XP level 1. HP: 13/13 MP: 3/3
   329 | D:1      | Gained mutation: You are partially covered in sharp spines.
                  | [demonic ancestry]
   329 | D:1      | Reached XP level 2. HP: 19/19 MP: 0/5
   421 | D:1      | Found an ancient bone altar of Kikubaaqudgha.
   875 | D:2      | Reached XP level 3. HP: 24/24 MP: 1/6
  1441 | D:2      | Gained mutation: You are partially covered in iridescent
                  | scales. (AC +2) [demonic ancestry]
  1441 | D:2      | Reached XP level 4. HP: 30/30 MP: 5/7
  1496 | D:3      | Noticed an air elemental
  1580 | D:3      | Learned a level 3 spell: Stone Arrow
  1583 | D:3      | Learned a level 2 spell: Passwall
  1830 | D:3      | Reached skill level 1 in Conjurations
  1992 | D:3      | Found a hazy altar of Hepliaklqana.
  2002 | D:3      | Gained mutation: You have a pair of small horns on your
                  | head. [demonic ancestry]
  2002 | D:3      | Reached XP level 5. HP: 36/36 MP: 4/8
  2003 | D:3      | Reached skill level 5 in Earth Magic
  2074 | D:3      | Found an iron altar of Okawaru.
  2137 | D:3      | Noticed a fire elemental
  2139 | D:3      | Found a stormy altar of Qazlal.
  2140 | D:3      | Noticed a water elemental
  2185 | D:4      | Reached skill level 1 in Fighting
  2516 | D:4      | Reached XP level 6. HP: 17/43 MP: 1/9
  3171 | D:4      | Found a staircase to the Ecumenical Temple.
  3178 | Temple   | Entered the Ecumenical Temple
  3865 | D:4      | Reached XP level 7. HP: 40/48 MP: 1/10
  4119 | D:5      | Entered Level 5 of the Dungeon
  4135 | D:5      | Learned a level 4 spell: Petrify
  4301 | D:5      | Noticed Menkaure
  4305 | D:5      | Killed Menkaure
  4306 | D:5      | Reached skill level 1 in Shields
  4342 | D:5      | Found a blossoming altar of Fedhas.
  4805 | D:5      | Reached skill level 5 in Conjurations
  4844 | D:5      | Gained mutation: You are mostly covered in sharp spines.
                  | [demonic ancestry]
  4844 | D:5      | Reached XP level 8. HP: 54/54 MP: 6/11
  4886 | D:5      | Found a glowing golden altar of the Shining One.
  5016 | D:5      | Found a glowing silver altar of Zin.
  5018 | D:5      | Found a shimmering altar of Xom.
  5022 | D:5      | Found a sparkling altar of Nemelex Xobeh.
  5023 | D:5      | Found an iron altar of Okawaru.
  5026 | D:5      | Found a snail-covered altar of Cheibriados.
  5276 | D:6      | Found a radiant altar of Vehumet.
  5433 | D:6      | Found a shadowy altar of Dithmenos.
  6196 | D:7      | Noticed Eustachio
  6225 | D:6      | Gained mutation: You have a pair of horns on your head.
                  | [demonic ancestry]
  6225 | D:6      | Reached XP level 9. HP: 58/59 MP: 5/16
  6279 | D:6      | Reached skill level 1 in Transmutations
  6426 | D:7      | Reached skill level 5 in Spellcasting
  6558 | D:7      | Noticed a kobold demonologist
  6559 | D:7      | Identified the +6 short sword of Governance {chaos, rElec
                  | SInv}
  6559 | D:7      | Noticed Dazliare's ghost (novice OgSu)
  6589 | D:7      | Found a runed translucent gate.
  6589 | D:7      | Found a runed translucent gate.
  6590 | D:7      | Found a runed translucent gate.
  6870 | D:7      | Killed Eustachio
  7245 | D:7      | Found Veves's General Store.
  7570 | D:8      | Paralysed by a hornet for 2 turns
  7831 | D:8      | Noticed Prince Ribbit
  7840 | D:8      | Killed Prince Ribbit
  7841 | D:8      | Reached XP level 10. HP: 65/65 MP: 2/19
  7980 | D:8      | Noticed Harold
  7983 | D:8      | Killed Harold
  7984 | D:8      | Reached skill level 5 in Transmutations
  8324 | D:8      | Found an opulent altar of Gozag.
  8332 | D:8      | Became a worshipper of Gozag Ym Sagoz the Greedy
  8819 | D:9      | Found an ancient bone altar of Kikubaaqudgha.
  8862 | D:9      | Found a runed translucent door.
  8866 | D:9      | Found the +10 tower shield of Ignorance {rN+ Int-4}
  8957 | D:9      | Reached skill level 10 in Earth Magic
  9019 | D:9      | Reached skill level 1 in Short Blades
  9029 | D:9      | Learned a level 5 spell: Lee's Rapid Deconstruction
  9034 | D:9      | Learned a level 4 spell: Sticky Flame
  9717 | D:9      | Found a runed translucent door.
  9726 | D:9      | Noticed an orange crystal statue
  9890 | D:10     | Entered Level 10 of the Dungeon
 10009 | D:10     | Found Jiucho's Gadget Shoppe.
 10014 | D:10     | Bought a condenser vane for 560 gold pieces
 10054 | D:10     | Gained mutation: You are mostly covered in iridescent
                  | scales. (AC +4) [demonic ancestry]
 10054 | D:10     | Reached XP level 11. HP: 71/75 MP: 16/20
 10505 | D:10     | Noticed a boulder beetle
 10646 | D:7      | Bought a +2 dagger of venom for 172 gold pieces
 10646 | D:7      | Bought a potion of heal wounds for 60 gold pieces
 10753 | D:10     | Killed a boulder beetle
 11070 | D:10     | Noticed a two-headed ogre
 11108 | D:10     | Killed a two-headed ogre
 11667 | D:11     | Found a staircase to the Orcish Mines.
 11918 | D:11     | Found a staircase to the Lair.
 12151 | D:11     | Noticed a centaur warrior
 12160 | D:11     | Killed a centaur warrior
 12161 | D:11     | Reached skill level 5 in Short Blades
 12317 | D:11     | Killed an unseen horror
 12475 | D:11     | Gained mutation: A weak demonic guardian rushes to your
                  | aid. [demonic ancestry]
 12475 | D:11     | Reached XP level 12. HP: 81/81 MP: 17/24
 13435 | D:11     | Reached skill level 10 in Conjurations
 13511 | D:12     | Noticed Jorgrun
 13536 | D:12     | Found Ehiuggog's Book Boutique.
 13596 | D:12     | Bought a book of Minor Magic for 300 gold pieces
 13600 | D:12     | Learned a level 2 spell: Blink
 13641 | D:12     | Killed from afar by Jorgrun

Illustrated notes

Levels and vault maps discovered:
D:1:      dpeg_arrival_three_same_balls, layout_loops_ring,
          kennysheep_flooded_box
D:2:      layout_rooms
D:3:      layout_rooms, nicolae_qazlal_style_of_elements,
          nzn_hepliaklqana_mist_gate, okawaru_metal_pillars_1_2
D:4:      layout_basic, minmay_temple_entry_hall, portal_sewer_entry_b,
          amethyst_killhole
D:5:      layout_basic, minitemple, nicolae_overflow_crystal_walls,
          tso_metal_star, uniq_menkaure
D:6:      minmay_recursive_quarters, layout_gridville, vehumet_altar_wand_db,
          nicolae_dithmenos_shadow_blocks, nrook_campfire,
          minmay_gold_behind_fungi
D:7:      layout_gridville, serial_shops, shop, gammafunk_ghost_nasty_kobolds,
          sword_in_stone
D:8:      layout_basic, marbit_many_paths, uniq_harold, uniq_prince_ribbit1
D:9:      layout_loops_ring, general_overflow_altar, serial_ice, serial_ice_b,
          serial_ice_n, serial_ice_m, serial_ice_k, grunt_ministairs_14,
          chequers_guarded_unrand_ignorance
D:10:     layout_loops_ring, serial_shops, shop_fountains, grunt_ministairs_12,
          nzn_sisyphean_effort
D:11:     layout_layer_cave, due_lair_maze_entry_diamond,
          minmay_orc_entry_guard_dogs
D:12:     layout_cave_pools, serial_shops, shop, portal_ice_cave_entry_imps,
          uniq_jorgrun
Temple:   jpeg_temple_alley_garden

Skill      XL: |  1  2  3  4  5  6  7  8  9 10 11 12 |
---------------+-------------------------------------+-----
Earth Magic    | 3 4 5 6 8 9 10 | 10.0
Conjurations   | 1 2 3 5 6 9 10 | 10.0
Fighting       | 1 3 |  3.0
Dodging        | 2 3 |  3.0
Shields        | 2 3 4 |  4.0
Spellcasting   | 4 6 8 |  8.5
Transmutations | 4 6 |  6.0
Short Blades   | 2 5 |  5.9
Stealth        | |  1.7

Action                   |  1- 3 |  4- 6 |  7- 9 | 10-12 || total
-------------------------+-------+-------+-------+-------++-------
Melee: Dagger            |    19 |    56 |    62 |   128 ||   265
       Headbutt          |       |     4 |     5 |    28 ||    37
 Cast: Sandblast         |    54 |   114 |    63 |       ||   231
       Stone Arrow       |       |       |   110 |   272 ||   382
       Petrify           |       |       |     2 |     9 ||    11
       Sticky Flame      |       |       |       |     1 ||     1
Evoke: Wand              |       |       |       |     4 ||     4
       Condenser vane    |       |       |       |     1 ||     1
  Use: Potion            |       |     5 |       |       ||     5
       Scroll            |       |    12 |     1 |     1 ||    14
 Stab: Sleeping          |       |     1 |       |       ||     1
       Petrified         |       |       |    12 |    23 ||    35
       Distracted        |       |       |       |     1 ||     1
       Petrifying        |       |       |       |     1 ||     1
Armor: Robe              |     6 |    19 |       |       ||    25
       Skin              |       |    17 |       |       ||    17
       Leather armour    |       |       |    18 |    50 ||    68
Dodge: Dodged            |    22 |    73 |    57 |    62 ||   214
Block: Buckler           |       |       |    17 |    72 ||    89

Table legend: (Time is in decaauts)
 A = Elapsed time spent in this place.
 B = Non-inter-level travel time spent in this place.
 C = Inter-level travel time spent in this place.
 D = Time resting spent in this place.
 E = Time spent auto-exploring this place.
 F = Levels seen in this place.
 G = Mean time per level.
                   A        B        C        D        E       F      G
               +--------+--------+--------+--------+--------+-----+--------+
         Total |  13623 |  13221 |    402 |    492 |  10281 |  13 | 1047.9 |
       Dungeon |  13437 |  13071 |    366 |    492 |  10134 |  12 | 1119.8 |
        Temple |    186 |    150 |     36 |      0 |    147 |   1 |  186.0 |
               +--------+--------+--------+--------+--------+-----+--------+

Top non-repeatable levels by time:
    D:11: 2020 daAuts
     D:4: 1750 daAuts
    D:10: 1460 daAuts
     D:7: 1331 daAuts
     D:9: 1211 daAuts
     D:8: 1173 daAuts
     D:6: 1120 daAuts
     D:5: 1081 daAuts
     D:1: 838 daAuts
     D:3: 706 daAuts
     D:2: 637 daAuts
  Temple: 186 daAuts
    D:12: 104 daAuts
